 Dungeon Crawl Stone Soup version 0.26.1-11-gd32895ea62 (webtiles) character file.

Game seed: 4513194818318609992

1993 diana the Twirler (level 9, -8/69 HPs)
             Began as a Demonspawn Gladiator on Apr 16, 2021.
             Was a Follower of Okawaru (penitent).
             Hit by a javelin thrown by a merfolk javelineer (23 damage)
             ... created by the fury of Okawaru
             ... on level 7 of the Dungeon.
             The game lasted 00:10:58 (8335 turns).

diana the Twirler (Demonspawn Gladiator)            Turns: 8335, Time: 00:10:58

Health: -8/69      AC:  7    Str: 16    XL:     9   Next: 1%
Magic:  9/9        EV: 15    Int: 12    God:    Okawaru [*]
Gold:   486        SH: 11    Dex: 14    Spells: 8/8 levels left

rFire    . . .     SeeInvis .   a - +0 quarterstaff
rCold    . . .     Faith    .   (shield currently unavailable)
rNeg     . . .     Spirit   .   b - +0 leather armour
rPois    .         Reflect  +   (helmet restricted)
rElec    .         Harm     .   p - +1 cloak
rCorr    .         Rampage  .   (no gloves)
Will     .....                  v - +0 pair of boots
Stlth    ..........             u - amulet of reflection
HPRegen  0.21/turn              f - ring of attention
MPRegen  0.11/turn              E - ring of wizardry

@: no status effects
A: horns 2, large bone plates 2, powered by death 1, powered by pain 1
a: Renounce Religion


You were on level 7 of the Dungeon.
You worshipped Okawaru.
Okawaru was demanding penance.
You visited 1 branch of the dungeon, and saw 7 of its levels.
You also visited: Sewer.

You collected 486 gold pieces.

Inventory:

Hand Weapons
 a - a +0 quarterstaff (weapon)
Missiles
 d - 5 throwing nets (quivered)
Armour
 b - a +0 leather armour (worn)
 p - a +1 cloak (worn)
 v - a +0 pair of boots (worn)
Jewellery
 f - a ring of attention (left hand)
 u - an amulet of reflection (around neck)
 E - a ring of wizardry (right hand)
 I - an uncursed ring of see invisible {unknown}
Wands
 c - a wand of iceblast (10)
 x - a wand of disintegration (8)
 y - a wand of paralysis (13)
 B - a wand of flame (19)
 G - a wand of digging (5)
Scrolls
 e - 5 scrolls of magic mapping
 l - 2 scrolls of enchant weapon
 w - 5 scrolls of fear
 C - a scroll of enchant armour
 H - a scroll of identify
Potions
 g - a potion of lignification {unknown}
 i - 4 potions of heal wounds
 j - a potion of haste {unknown}
 k - 3 potions of flight {unknown}
 n - 4 potions of curing {unknown}
 o - a potion of berserk rage {unknown}
 s - a potion of resistance {unknown}
 z - a potion of cancellation {unknown}
 A - 2 potions of mutation {unknown}
 D - a potion of might {unknown}
 F - a potion of magic {unknown}


   Skills:
 + Level 5.7 Fighting
 * Level 7.2 Staves
 - Level 1.7 Throwing
 + Level 4.6 Armour
 + Level 5.5 Dodging


You had 8 spell levels left.
You didn't know any spells.
Your spell library contained the following spells:

 Spells                   Type           Power        Failure   Level
 Summon Small Mammal      Summ           0%           16%         1
 Call Imp                 Summ           0%           24%         2
 Call Canine Familiar     Summ           0%           41%         3
 Summon Guardian Golem    Hex/Summ       0%           41%         3
 Summon Ice Beast         Ice/Summ       0%           80%         4
 Summon Lightning Spire   Summ/Air       0%           80%         4


Dungeon Overview and Level Annotations

Branches:
Dungeon (7/15)             Temple (0/1) D:4           Sewer (visited)

Altars:
Dithmenos
Gozag
Hepliaklqana
Okawaru
Trog
Uskayaw
Yredelemnul

Shops:
D:6 (


Innate Abilities, Weirdness & Mutations

You have a pair of horns on your head.
You are mostly covered in large bone plates. (SH +6)
You regenerate a little health from kills.
You sometimes gain a little power by taking damage.


Message History

There is a stone staircase leading up here.
You climb upwards.
There is a stone staircase leading down here.
You start resting.
Okawaru sends forces against you! 3 merfolk, a merfolk javelineer and a cyclops come into view.
The merfolk javelineer is wielding a +4 spear of pain.
A merfolk is wielding a +0 trident and quivering 5 silver boomerangs.
The merfolk shouts! x3
You climb downwards.
There is a stone staircase leading up here.
Unknown command.
The merfolk javelineer throws a javelin.
The javelin pierces through you!!
The javelin disappears in a puff of smoke!
The deep elf archer shoots an arrow.
The arrow hits you!!
* * * LOW HITPOINT WARNING * * *
The arrow disappears in a puff of smoke!
The merfolk javelineer throws a javelin.
The javelin pierces through you!!
You die...

#.................#
.........#.#.#†#.##
#.................#
..###...#.##+##.##
#.....# #..#
###.#.+ +.##
#.#####...# #..#
........#.##+##.###
########....e..@..#
##.#m#.#.#.#
#...####<.# ##
###...# #m##
>...###.....# #..
#.........# ##.#
#####.#.### .#
#e#m# .# #.#.# .#


You could see a merfolk javelineer, a merfolk and a deep elf archer (repels
missiles).

Vanquished Creatures
  An ugly thing (D:7)
  A slime creature (D:7)
  A sky beast (D:6)
  3 centaurs
  4 bullfrogs
  A howler monkey (D:4)
  2 bullfrog zombies
  3 hounds
  An orc wizard (D:4)
  An orc priest (D:3)
  2 iguanas
  9 worker ants
  A killer bee zombie (D:7)
  A hound skeleton (D:7)
  A worker ant zombie (D:7)
  2 howler monkey skeletons
  8 adders
  A white imp (D:6)
  8 oozes
  3 adder zombies
  4 worms
  4 dart slugs
  14 leopard geckos
  8 orcs
  8 ball pythons
  13 giant cockroaches
  11 goblins
  14 hobgoblins
  7 kobolds
  5 quokkas
  7 bats
  13 frilled lizards
  A quokka zombie (D:7)
  8 rats
171 creatures vanquished.

Notes
Turn   | Place    | Note
-------+----------+-------------------------------------------
     0 | D:1      | diana the Demonspawn Gladiator began the quest for the Orb.
     0 | D:1      | Reached XP level 1. HP: 16/16 MP: 1/1
   332 | D:1      | Gained mutation: You have a pair of small horns on your
                  | head. [demonic ancestry]
   332 | D:1      | Reached XP level 2. HP: 22/22 MP: 2/2
   483 | D:1      | Reached skill level 3 in Staves
   491 | D:1      | Reached skill level 1 in Armour
   676 | D:1      | Gained mutation: You regenerate a little health from kills.
                  | [demonic ancestry]
   676 | D:1      | Reached XP level 3. HP: 28/28 MP: 3/3
   937 | D:2      | Found a faded altar of an unknown god.
  1707 | D:2      | Found a hide-covered altar of Uskayaw.
  2801 | D:3      | Reached XP level 4. HP: 19/34 MP: 4/4
  2808 | D:3      | Found a glowing drain.
  2813 | Sewer    | Entered a sewer
  3426 | Sewer    | Gained mutation: You have a pair of horns on your head.
                  | [demonic ancestry]
  3426 | Sewer    | Reached XP level 5. HP: 41/41 MP: 5/5
  3826 | Sewer    | Reached skill level 4 in Staves
  3826 | Sewer    | Gained mutation: You are partially covered in large bone
                  | plates. (SH +4) [demonic ancestry]
  3826 | Sewer    | Reached XP level 6. HP: 37/47 MP: 6/6
  4157 | D:3      | Found a shadowy altar of Dithmenos.
  4332 | D:3      | Found an iron altar of Okawaru.
  4359 | D:3      | Became a worshipper of Warmaster Okawaru
  5107 | D:4      | Reached XP level 7. HP: 50/54 MP: 7/7
  5120 | D:4      | Found a staircase to the Ecumenical Temple.
  5200 | D:4      | Found a bloodstained altar of Trog.
  5373 | D:5      | Entered Level 5 of the Dungeon
  5562 | D:5      | Reached skill level 5 in Staves
  5694 | D:5      | Found a hazy altar of Hepliaklqana.
  5722 | D:5      | Found an opulent altar of Gozag.
  6239 | D:6      | Found a basalt altar of Yredelemnul.
  6258 | D:6      | Found Roneej's Antique Weapon Shoppe.
  6580 | D:6      | Reached * piety under Okawaru
  7059 | D:6      | Gained mutation: You sometimes gain a little power by
                  | taking damage. [demonic ancestry]
  7059 | D:6      | Reached XP level 8. HP: 53/61 MP: 8/8
  7781 | D:7      | Reached skill level 6 in Staves
  7826 | D:7      | Reached skill level 5 in Fighting
  7835 | D:7      | Reached skill level 5 in Dodging
  8172 | D:7      | Noticed a troll
  8172 | D:7      | Noticed a white ugly thing
  8172 | D:7      | Noticed a cyclops
  8172 | D:7      | Noticed a slime creature
  8194 | D:7      | Killed a slime creature
  8194 | D:7      | Reached ** piety under Okawaru
  8194 | D:7      | Was placed under penance by Okawaru
  8204 | D:7      | Killed a white ugly thing
  8205 | D:7      | Reached skill level 7 in Staves
  8205 | D:7      | Gained mutation: You are mostly covered in large bone
                  | plates. (SH +6) [demonic ancestry]
  8205 | D:7      | Reached XP level 9. HP: 30/69 MP: 9/9
  8259 | D:7      | Noticed a merfolk impaler
  8259 | D:7      | Noticed a merfolk
  8259 | D:7      | Noticed a merfolk
  8259 | D:7      | Noticed a merfolk
  8259 | D:7      | Noticed a merfolk
  8259 | D:7      | Noticed a deep elf archer
  8332 | D:6      | Noticed a cyclops
  8332 | D:6      | Noticed a merfolk javelineer
  8332 | D:6      | Noticed a merfolk
  8332 | D:6      | Noticed a merfolk
  8332 | D:6      | Noticed a merfolk
  8335 | D:7      | Hit by a javelin thrown by a merfolk javelineer

Illustrated notes

Levels and vault maps discovered:
D:1:      wander_arrival_peaceful_grave, layout_rooms, minmay_pentomino_o4
D:2:      layout_basic, eat_drink_and_be_merry_uskayaw,
          chequers_ecumenical_altar_island, minmay_misc_feat_enclosed
D:3:      layout_rooms, nicolae_dithmenos_through_a_glass_darkly,
          okawaru_gym_becter, gup_sewer_entry_bowl
D:4:      layout_cave_pools, old_standard_altar, minmay_temple_entry_nine_rooms
D:5:      layout_cave_pools, nzn_hepliaklqana_mist_gate,
          nicolae_gozag_cash_rules_everything_around_me, minmay_puff
D:6:      layout_basic, yredelemnul_altar_generic, serial_shops, shop_statue
D:7:      minmay_the_grid_triangle_9x9_recursive_2
          [minmay_the_grid_triangle_9x9_prize_insulated,
          minmay_the_grid_triangle_9x9_skeleton,
          minmay_the_grid_triangle_9x9_steps,
          minmay_the_grid_triangle_9x9_dagger], layout_loops_ring, tso_altar,
          minmay_misc_feat_doors, xom_confusion_cloud

Skill      XL: |  1  2  3  4  5  6  7  8 |
---------------+-------------------------+-----
Staves         | 3 4 5 7 |  7.2
Armour         | 1 2 3 4 |  4.6
Dodging        | 3 4 5 |  5.5
Fighting       | 3 4 5 |  5.7
Throwing       | |  1.7

Action                   |  1- 3 |  4- 6 |  7- 9 || total
-------------------------+-------+-------+-------++-------
Melee: Quarterstaff      |   154 |   249 |   203 ||   606
       Headbutt          |    16 |    33 |    45 ||    94
Evoke: Wand              |       |       |     1 ||     1
  Use: Potion            |     1 |       |       ||     1
       Scroll            |       |       |    15 ||    15
Armor: Leather armour    |    34 |    61 |    29 ||   124
Dodge: Dodged            |   116 |   208 |   107 ||   431
Block: Other             |       |    13 |    71 ||    84
